 Dungeon Crawl Stone Soup version 0.26-a0-812-g31a745ddcd (webtiles) character file.

Game seed: 6514759427558172128

1292 Catalessi the Covered (level 8, -12/67 HPs)
             Began as a Ghoul Fighter on Dec 5, 2020.
             Was a Believer of Yredelemnul.
             Killed from afar by an orc priest (40 damage)
             ... with an exploding inner flame
             ... hexed by the player character
             ... on level 5 of the Dungeon on Dec 7, 2020.
             The game lasted 01:26:19 (4411 turns).

Catalessi the Covered (Ghoul Fighter)               Turns: 4411, Time: 01:26:20

Health: -12/67     AC: 11    Str: 27    XL:     8   Next: 56%
Magic:  5/8        EV:  7    Int:  3    God:    Yredelemnul [**....]
Gold:   256        SH: 10    Dex:  9    Spells: 7/7 levels left

rFire    . . .     SeeInvis .   z - -1 hunting sling (curse)
rCold    + . .     Faith    .   b - +0 kite shield
rNeg     + + +     Spirit   .   p - +0 chain mail
rPois    ∞         Reflect  .   e - +0 helmet
rElec    .         Harm     .   (no cloak)
rCorr    .         Rampage  .   (no gloves)
MR       .....                  (no boots)
Stlth    ..........             l - amulet of regeneration
HPRegen  0.61/turn              n - +6 ring of strength
MPRegen  0.11/turn              K - ring of positive energy

@: no status effects
A: rotting body, claws 1, cold resistance 1, negative energy resistance 3,
inhibited regeneration, torment resistance, unbreathing
a: Animate Remains, Recall Undead Slaves, Injury Mirror, Renounce Religion


You were on level 5 of the Dungeon.
You worshipped Yredelemnul.
Yredelemnul was pleased with you.
You visited 1 branch of the dungeon, and saw 6 of its levels.
You also visited: Sewer.

You collected 256 gold pieces.

Inventory:

Hand Weapons
 d - a +1 club
 t - a +5 dagger of venom
 u - a +2 short sword of holy wrath
 x - a +0 quarterstaff
 z - a cursed -1 hunting sling (weapon)
Missiles
 f - 17 poisoned darts
 o - 15 bolts
 r - 52 arrows
 v - a throwing net
 L - 14 sling bullets (quivered)
Armour
 a - a +1 scale mail
 b - a +0 kite shield (worn)
 e - a +0 helmet (worn)
 g - a +0 robe
 h - a +0 chain mail
 i - a +0 ring mail
 k - a +1 hat
 m - a +0 pair of gloves
 p - a +0 chain mail (worn)
 D - a +0 helmet
 F - a +0 pair of gloves
Magical Staves
 y - an uncursed staff of conjuration
Jewellery
 l - an amulet of regeneration (around neck)
 n - a +6 ring of strength (left claw)
 s - an uncursed amulet of faith
 G - an uncursed ring of teleportation
 K - a ring of positive energy (right claw)
Wands
 N - a wand of polymorph (3)
Scrolls
 j - 2 scrolls of teleportation
 q - a scroll of immolation
 E - a scroll of enchant armour
 M - a scroll of identify
Potions
 c - 3 potions of might
 w - 2 potions of attraction
 A - 2 potions of lignification
 B - 2 potions of magic
 C - 3 potions of curing
 H - 2 potions of heal wounds
 I - a potion of mutation
 J - a potion of flight
 O - 2 potions of ambrosia


   Skills:
 + Level 4.7 Fighting
 + Level 3.6 Short Blades
 + Level 0.6 Throwing
 + Level 5.4 Armour
 + Level 1.5 Dodging
 + Level 0.7 Stealth
 + Level 4.8 Shields
 + Level 4.6 Unarmed Combat
 + Level 2.3 Invocations


You had 7 spell levels left.
You didn't know any spells.
Your spell library contained the following spells:

 Spells                   Type           Power        Failure   Level
 Sandblast                Erth           #.....       100%        1
 Passwall                 Tmut/Erth      #.......     100%        2
 Stone Arrow              Conj/Erth      #.....       100%        3
 Petrify                  Tmut/Erth      #.......     100%        4
 Lee's Rapid Deconstruct  Erth           #.........   100%        5


Dungeon Overview and Level Annotations

Branches:
Dungeon (6/15)              Sewer (visited)
 Temple: D:4-7

Altars:
Ashenzari
Fedhas
Kikubaaqudgha
Trog
Vehumet
Yredelemnul


Innate Abilities, Weirdness & Mutations

Your body is rotting away.
You thrive by killing the living.
You are immune to poison.
You have sharp fingernails.
Your flesh is cold resistant. (rC+)
You are immune to negative energy. (rN+++)
You do not regenerate when monsters are visible.
You are immune to unholy pain and torment.
You can survive without breathing.


Message History

Your leopard gecko skeleton bites the orc wizard.
Flame seeps out of the orc wizard.
Your giant cockroach zombie bites the orc wizard but does no damage.
The orc wizard is engulfed in blazing flames.
The orc wizard explodes!
The fiery explosion engulfs your giant cockroach zombie!!!
You destroy your giant cockroach zombie!
The fiery explosion engulfs the ice beast!!!
The ice beast melts!
You kill the ice beast!
Yredelemnul accepts your kill.
Your Invocations skill increases to level 2!
The fiery explosion engulfs your leopard gecko skeleton!!!
You destroy your leopard gecko skeleton!
The fiery explosion engulfs the orc priest!!
The orc priest explodes!
The fiery explosion engulfs you!!!
Ouch! That really hurt!
You die...
Yredelemnul claims you as an undead slave.

......# #....##
#.# ......#
##....# #.#
......# #....#
#.# ......#
##...# #.#
####### #..Z#
#.# #.#Z# #.#
#...# #.#
##§○#########.#
#§§@.........#
##############


You could see a friendly adder zombie and a friendly giant cockroach zombie.

Vanquished Creatures
  3 ice beasts (D:5)
  An ogre (D:4)
  2 big kobolds
  2 scorpions
  A howler monkey (D:4)
  5 orc priests
  4 worker ants (D:4)
  Natasha (twice) (D:4)
  An iguana (D:4)
  5 orc wizards
  5 adders
  An ooze (D:4)
  An adder skeleton (D:4)
  3 worms
  2 dart slugs
  5 leopard geckos
  15 orcs
  6 giant cockroaches
  8 goblins
  16 hobgoblins
  13 jackals
  2 quokkas
  A ball python (D:2)
  5 bats (D:1)
  3 frilled lizards
  2 giant cockroach zombies (D:5)
  9 kobolds
  A leopard gecko skeleton (D:5)
  17 rats
141 creatures vanquished.

Vanquished Creatures (collateral kills)
  Natasha (D:4)
  An adder (D:5)
2 creatures vanquished.

Vanquished Creatures (others)
  A giant cockroach zombie (D:4)
  A leopard gecko skeleton (D:5)
  An orc zombie (D:5)
  2 rat zombies (Sewer)
  4 fungi (D:5)
  2 plants (D:5)
11 creatures vanquished.

Grand Total: 154 creatures vanquished

Notes
Turn   | Place    | Note
-------+----------+-------------------------------------------
     0 | D:1      | Catalessi the Ghoul Fighter began the quest for the Orb.
     0 | D:1      | Reached XP level 1. HP: 19/19 MP: 0/0
   132 | D:1      | Reached XP level 2. HP: 26/26 MP: 1/1
   198 | D:1      | Reached skill level 3 in Armour
   537 | D:1      | Reached XP level 3. HP: 31/31 MP: 2/2
  1060 | D:2      | Reached XP level 4. HP: 40/40 MP: 3/3
  1135 | D:2      | Reached XP level 5. HP: 45/46 MP: 4/4
  1572 | D:2      | Reached skill level 4 in Armour
  1665 | D:3      | Reached XP level 6. HP: 37/52 MP: 5/5
  1760 | D:3      | Found a bloodstained altar of Trog.
  2312 | D:4      | Found a basalt altar of Yredelemnul.
  2321 | D:4      | Became a worshipper of Yredelemnul the Dark
  2383 | D:4      | Reached skill level 1 in Short Blades
  2428 | D:4      | Reached XP level 7. HP: 59/59 MP: 6/6
  2443 | D:4      | Found a broken altar of Ashenzari.
  2474 | D:4      | Reached skill level 1 in Dodging
  2567 | D:4      | Reached * piety under Yredelemnul
  2572 | D:4      | Noticed Natasha
  2580 | D:4      | Killed Natasha
  2586 | D:4      | Reached skill level 5 in Armour
  2746 | D:4      | Noticed Natasha
  2754 | D:4      | Killed Natasha
  2754 | D:4      | Reached skill level 1 in Invocations
  2950 | D:4      | Noticed Natasha
  2961 | D:4      | Killed Natasha
  2998 | D:4      | Found a radiant altar of Vehumet.
  3008 | D:4      | Reached XP level 8. HP: 65/67 MP: 7/7
  3129 | D:5      | Entered Level 5 of the Dungeon
  3249 | D:5      | Found a blossoming altar of Fedhas.
  3576 | D:5      | Found a glowing drain.
  3580 | Sewer    | Entered a sewer
  3658 | Sewer    | Reached ** piety under Yredelemnul
  3689 | Sewer    | Found a white marble altar of Elyvilon.
  4004 | D:5      | Found an ancient bone altar of Kikubaaqudgha.
  4411 | D:5      | Killed from afar by an orc priest

Illustrated notes

Levels and vault maps discovered:
D:1:      minmay_arrival_stair_chambers, layout_loops_ring, serial_glass,
          glass_columns_a, glass_columns_b, glass_columns_c, glass_columns_b,
          glass_columns_a, glass_columns_a
D:2:      layout_basic
D:3:      layout_rooms, lemuel_crystal_altar
D:4:      layout_loops_ring, yredelemnul_altar_generic, lemuel_crystal_altar,
          kennysheep_little_box, uniq_natasha
D:5:      layout_basic, fedhas_altar_3, nicolae_overflow_crystal_walls,
          gup_sewer_entry_spiral, corexii_leaking_fountain
D:6:      layout_rooms, okawaru_trees_1, minmay_temple_entry_crystal_x,
          hex_intersection, minmay_hollow_rounded_squares

Skill      XL: |  1  2  3  4  5  6  7  8 |
---------------+-------------------------+-----
Armour         | 3 4 5 |  5.4
Shields        | 3 4 |  4.8
Unarmed Combat | 3 4 |  4.6
Fighting       | 4 |  4.7
Short Blades   | 1 2 3 |  3.6
Dodging        | 1 |  1.5
Invocations    | 1 2 |  2.3
Throwing       | |  0.6
Stealth        | |  0.7

Action                   |  1- 3 |  4- 6 |  7- 9 || total
-------------------------+-------+-------+-------++-------
Melee: Unarmed           |   111 |   107 |       ||   218
       Dagger            |       |    77 |   184 ||   261
       Hunting sling     |       |       |    13 ||    13
Throw: Dart              |       |     4 |       ||     4
Invok: Animate Remains   |       |       |    17 ||    17
       Recall Undead Sla |       |       |     2 ||     2
Evoke: Wand              |       |       |     1 ||     1
  Use: Potion            |     2 |     6 |     5 ||    13
       Scroll            |     4 |     8 |     3 ||    15
Armor: Scale mail        |    27 |       |       ||    27
       Chain mail        |    10 |    76 |    71 ||   157
Dodge: Dodged            |    18 |    37 |    42 ||    97
Block: Kite shield       |    41 |    75 |    82 ||   198

Table legend: (Time is in decaauts)
 A = Elapsed time spent in this place.
 B = Non-inter-level travel time spent in this place.
 C = Inter-level travel time spent in this place.
 D = Time resting spent in this place.
 E = Time spent auto-exploring this place.
 F = Levels seen in this place.
 G = Mean time per level.
                   A        B        C        D        E       F      G
               +--------+--------+--------+--------+--------+-----+--------+
         Total |   4479 |   4479 |      0 |      0 |   1275 |   7 |  639.9 |
       Dungeon |   4242 |   4242 |      0 |      0 |   1275 |   6 |  707.0 |
         Sewer |    237 |    237 |      0 |      0 |      0 |   1 |  237.0 |
               +--------+--------+--------+--------+--------+-----+--------+

Top non-repeatable levels by time:
     D:5: 1076 daAuts
     D:4: 931 daAuts
     D:1: 893 daAuts
     D:2: 681 daAuts
     D:3: 632 daAuts
   Sewer: 237 daAuts
     D:6: 28 daAuts
